 Dungeon Crawl Stone Soup version 0.29.1-14-g9c671dbff4 (webtiles) character file.

Game seed: 16182277072897826479

265 Thatpatchoflichen the Chiller (level 6, -10/35 HPs)
             Began as a Kobold Ice Elementalist on Feb 12, 2023.
             Mangled by an iguana (12 damage)
             ... on level 4 of the Dungeon.
             The game lasted 00:14:37 (5471 turns).

Thatpatchoflichen the Chiller (KoIE)                Turns: 5471, Time: 00:14:38

Health: -10/35     AC:  8    Str:  9    XL:     6   Next: 44%
Magic:  9/10       EV: 14    Int: 19    God:
Gold:   211        SH:  0    Dex: 21    Spells: 4/11 levels left

rFire   . . .      SeeInvis .   e - staff of cold
rCold   + . .      Faith    .   (shield currently unavailable)
rNeg    . . .      Spirit   .   z - +1 ring mail of Geizuoj {Str+4}
rPois   .          Reflect  .   p - +0 helmet
rElec   .          Harm     .   (no cloak)
rCorr   .          Rampage  .   y - +0 pair of gloves
Will    .....                   (no boots)
Stlth   +++.......              (no amulet)
HPRegen 0.11/turn               o - +6 ring of dexterity
MPRegen 0.12/turn               (no ring)

@: no status effects
A: small, no large weapons, nightstalker 3
a: no special abilities


You were on level 4 of the Dungeon.
You visited 1 branch of the dungeon, and saw 4 of its levels.
You also visited: Sewer.

You collected 211 gold pieces.

Inventory:

Hand Weapons
 d - a +1 short sword of holy wrath
 u - the +5 trident of the Ageless Deaths {drain, rPois rC+ Str+7 Stlth+}
   (You found it on level 4 of the Dungeon)

   A truly terrible weapon, it drains the life of any living foe it strikes.
   Str:       It affects your strength (+7).
   rC:        It protects you from cold.
   rPois:     It protects you from poison.
   Stlth:     It makes you more stealthy.
Missiles
 i - 3 boomerangs
 n - 8 poisoned darts
Armour
 f - a +2 buckler of protection
 p - a +0 helmet (worn)
 y - a +0 pair of gloves (worn)
 z - the +1 ring mail of Geizuoj (worn) {Str+4}
   (You found it on level 2 of the Dungeon)

   Str:       It affects your strength (+4).
Magical Staves
 e - a staff of cold (weapon)
Jewellery
 o - a +6 ring of dexterity (left hand)
Wands
 w - a wand of mindburst (3)
Scrolls
 g - a scroll of butterflies {unknown}
 j - a scroll of enchant armour {unknown}
 k - 3 scrolls of identify {unknown}
 l - 2 scrolls of teleportation {unknown}
 m - a scroll of vulnerability {unknown}
 q - 2 scrolls of fear {unknown}
 t - a scroll of immolation {unknown}
Potions
 b - a potion of magic
 c - 2 potions of lignification {unknown}
 h - 4 potions of curing {unknown}
 r - 2 potions of mutation {unknown}
 s - a potion of might
 v - 2 potions of ambrosia {unknown}
 x - a potion of invisibility {unknown}


   Skills:
 + Level 1.7 Fighting
 + Level 1.9 Staves
 * Level 3.7 Dodging
 - Level 2.6 Stealth
 - Level 3.0 Spellcasting
 + Level 5.0 Ice Magic
 + Level 2.9 Evocations


You had 4 spell levels left.
You knew the following spells:

 Your Spells              Type           Power      Damage    Failure   Level
a - Freeze                Ice            100%       1d11      5%          1
b - Frozen Ramparts       Ice            64%        1d10      16%         3
c - Ozocubu's Armour      Ice            32%        N/A       16%         3

Your spell library contained the following spells:

 Spells                   Type           Power      Damage    Failure   Level
 Gell's Gravitas          Tloc           2%         N/A       77%         3
 Ignite Poison            Fire/Tmut/Pois 2%         N/A       77%         3
 Mephitic Cloud           Conj/Pois/Air  2%         N/A       77%         3
 Teleport Other           Tloc           2%         N/A       77%         3
 Hailstorm                Conj/Ice       18%        3d6       83%         4
 Freezing Cloud           Conj/Ice/Air   6%         6-21      99%         5
 Metabolic Englaciation   Hex/Ice        9%         N/A       99%         5
 Dispersal                Tloc           1%         N/A       100%        6
 Simulacrum               Ice/Necr       9%         N/A       100%        6


Dungeon Overview and Level Annotations

Branches:
Dungeon (4/15)              Sewer (visited)
 Temple: D:4-7

Altars:
Trog


Innate Abilities, Weirdness & Mutations

You are small and have problems with some larger weapons.
You are completely attuned to the shadows.


Message History

The adder is almost dead.
The adder barely misses you.
You barely miss the adder.
The adder is almost dead.
The adder barely misses you. The adder bites you but does no damage.
You hit the adder.
You kill the adder!
You now have 211 gold pieces (gained 8).
You enter the shallow water.
Moving in this stuff is going to be slow.
You open the door.
There is an open door here.
Found a short sword.
An iguana comes into view.
Found a stone staircase leading down.
The helpless iguana fails to defend itself.
You hit the iguana.
The iguana is lightly wounded.
The iguana bites you.
You hit the iguana.
The iguana is moderately wounded.
The iguana bites you!
You closely miss the iguana.
The iguana is moderately wounded.
The iguana closely misses you.
You hit the iguana but do no damage. You freeze the iguana.
The iguana seems to slow down.
The iguana is heavily wounded.
The iguana bites you!
You hit the iguana but do no damage.
The iguana is heavily wounded.
The iguana bites you!
* * * LOW HITPOINT WARNING * * *
Aiming: Freeze (safe; 5% risk of failure)
Press: ? - help, Q - select action, (/) - cycle Shift-Dir - straight line, f - iguana
Aim: an iguana (heavily wounded, slow)
You feel a surge of power!
You freeze the iguana.
The iguana is severely wounded.
The iguana is no longer moving slowly.
The iguana bites you!
You die...

..≈#.... ..≈≈..~≈
..#≈..≈########
..#≈≈.≈.......#
....≈≈........#
..##.~'.......#
..##..#.......######
..##..#............#
..##..#.....)..l@..#
+..####+###.....#
#... +.....# #.....#
#..>..#


You could see an iguana.

Vanquished Creatures
  An orc priest (D:4)
  2 orc wizards (D:4)
  A hell rat (Sewer)
  Robin (D:2)
  A river rat (Sewer)
  5 adders
  A worm (D:2)
  2 dart slugs
  7 orcs (D:4)
  5 endoplasms
  A giant cockroach (D:4)
  15 goblins
  8 hobgoblins
  6 jackals
  4 quokkas
  6 ball pythons
  3 bats
  3 frilled lizards (D:1)
  6 kobolds
  10 rats
88 creatures vanquished.

Vanquished Creatures (others)
  A plant (D:4)
1 creature vanquished.

Grand Total: 89 creatures vanquished

Notes
Turn   | Place    | Note
-------+----------+-------------------------------------------
     0 | D:1      | Thatpatchoflichen the Kobold Ice Elementalist began the
                  | quest for the Orb.
     0 | D:1      | Reached XP level 1. HP: 10/10 MP: 3/3
   629 | D:1      | Reached XP level 2. HP: 15/15 MP: 5/5
   962 | D:1      | Found a faded altar of an unknown god.
  1251 | D:2      | Reached XP level 3. HP: 19/19 MP: 3/6
  1362 | D:2      | Reached skill level 1 in Evocations
  1414 | D:2      | Learned a level 3 spell: Frozen Ramparts
  1418 | D:2      | Learned a level 3 spell: Ozocubu's Armour
  1618 | D:2      | Reached XP level 4. HP: 24/24 MP: 5/8
  1709 | D:2      | Reached skill level 1 in Staves
  1836 | D:2      | Noticed Robin
  1853 | D:2      | Killed Robin
  2373 | D:2      | Identified the +1 ring mail of Geizuoj {Str+4}
  2645 | D:2      | You fall into a shaft and drop 1 floor!
  2710 | D:3      | Identified the +4 mace of Kuabem {vorpal, *Noise rC++ Will+
                  | Int+4}
  3130 | D:3      | Found a bloodstained altar of Trog.
  3588 | D:3      | Reached XP level 5. HP: 27/28 MP: 9/9
  4110 | D:4      | Reached skill level 1 in Fighting
  4113 | D:4      | Reached skill level 5 in Ice Magic
  4113 | D:4      | Reached XP level 6. HP: 23/34 MP: 3/10
  4142 | D:4      | Identified the +5 trident of the Ageless Deaths {drain,
                  | rPois rC+ Str+7 Stlth+}
  4336 | D:4      | Found a glowing drain.
  4344 | Sewer    | Entered a sewer
  5471 | D:4      | Mangled by an iguana

Illustrated notes

Levels and vault maps discovered:
D:1:      saegor_arrival_simple_c, layout_basic,
          chequers_ecumenical_altar_simple
D:2:      layout_basic, serial_rivers, chequers_serial_rivers_micro_c,
          chequers_serial_rivers_room_b, chequers_serial_rivers_micro_c,
          chequers_serial_rivers_small_b, uniq_robin
D:3:      layout_loops_ring, nicolae_overflow_crystal_walls,
          kennysheep_generic_room_8
D:4:      layout_gridville, gammafunk_temple_overflow_pools,
          cheibrodos_sewer_entry_drain, serial_glass, glass_columns_b,
          glass_columns_a, chequers_serial_rivers_small_b,
          grunt_decor_mini_mirrors, serial_bayou_lake_a

Skill      XL: |  1  2  3  4  5 |
---------------+----------------+-----
Evocations     | 1 2 |  2.9
Dodging        | 3 |  3.7
Staves         | 1 |  1.9
Spellcasting   | 3 |  3.0
Fighting       | 1 |  1.7
Ice Magic      | 5 |  5.0
Stealth        | |  2.6

Action                   |  1- 3 |  4- 6 || total
-------------------------+-------+-------++-------
Melee: Staff             |    30 |   136 ||   166
 Cast: Freeze            |    26 |     8 ||    34
       Frozen Ramparts   |     1 |     6 ||     7
       Ozocubu's Armour  |       |     2 ||     2
 Stab: Sleeping          |     3 |    13 ||    16
       Distracted        |     1 |       ||     1
Armor: Robe              |     6 |    29 ||    35
       Ring mail         |       |     7 ||     7
Dodge: Dodged            |    45 |   127 ||   172
